 Dungeon Crawl Stone Soup version 0.20.1-1-g8b1a95d (webtiles) character file.

2575 warcin the Ogre Mage (level 9, -8/83 HPs)
             Began as an Ogre Wizard on Sept 11, 2017.
             Was a Follower of Uskayaw.
             Mangled by an ogre
             ... wielding a +0 giant spiked club
              (26 damage)
             ... while paralysed
             ... on level 8 of the Dungeon on Sept 12, 2017.
             The game lasted 01:13:49 (5718 turns).

warcin the Ogre Mage (Ogre Wizard)                  Turns: 5718, Time: 01:13:51

Health: -8/83      AC:  9    Str: 15    XL:     9   Next: 57%
Magic:  20/38      EV:  1    Int: 23    God:    Uskayaw [*.....]
Gold:   104        SH:  0    Dex:  7    Spells: 11/23 levels left

rFire    . . .     SeeInvis .   i - +4 trident
rCold    . . .     Gourm    .   (no shield)
rNeg     . . .     Faith    .   D - +4 troll leather armour
rPois    .         Spirit   .   J - +0 hat {Int+3}
rElec    .         Reflect  .   j - scarf {cloud immunity}
rCorr    .         Harm     .   (gloves unavailable)
MR       .....                  (boots unavailable)
Stlth    ++........             (no amulet)
Regen    0.7/turn               y - ring of magical power
MPRegen  0.3/turn               e - ring of magical power

@: paralysed
A: unfitting armour, tough skin 1
a: Stomp, Renounce Religion


You were on level 8 of the Dungeon.
You worshipped Uskayaw.
Uskayaw was noncommittal.
You were hungry.

You visited 1 branch of the dungeon, and saw 8 of its levels.

You collected 279 gold pieces.
You spent 175 gold pieces at shops.

Inventory:

Hand Weapons
 h - a +1 vampiric dagger
 i - a +4 trident (weapon)
 k - the +1 rapier "Fuofa" {holy, rC+}
   (You found it on level 4 of the Dungeon)

   It has been blessed by the Shining One to cause great damage to the undead
   and demons.
   It protects you from cold.
 l - a cursed -3 club
 m - a cursed -3 shortbow
 o - a +0 falchion
 A - a +0 shortbow
Missiles
 f - 61 bolts
 x - 122 arrows
 C - 71 sling bullets
 K - 3 curare-tipped needles (quivered)
 M - 5 tomahawks
Armour
 a - a +0 robe
 b - a +0 hat
 j - a scarf of cloud immunity (worn)
 s - a +0 robe
 D - a +4 troll leather armour (worn)
 H - a +0 ring mail of cold resistance
 J - a +0 hat of intelligence (worn)
Jewellery
 e - a ring of magical power (right hand)
 y - a ring of magical power (left hand)
Wands
 v - a wand of lightning (0/15)
 B - a wand of digging (8/24)
 L - a wand of polymorph (13/24)
Scrolls
 E - 3 scrolls of identify
 G - 3 scrolls of remove curse
 I - a scroll of amnesia
Potions
 d - a potion of curing
 n - a potion of brilliance
 p - a potion of degeneration {unknown}
 q - a potion of heal wounds
 t - a potion of mutation
 z - a potion of magic
 F - a potion of lignification {unknown}
 N - a potion of flight {unknown}
 Q - a potion of agility {unknown}
 W - a potion of resistance {unknown}
Books
 c - a book of Minor Magic

   Spells                             Type                      Level
   a - Magic Dart                     Conjuration                  1
   b - Blink                          Translocation                2
   c - Call Imp                       Summoning                    2
   d - Slow                           Hexes                        2
   e - Conjure Flame                  Conjuration/Fire             3
   f - Mephitic Cloud                 Conjuration/Poison/Air       3
 u - a book of Misfortune

   Spells                             Type                      Level
   a - Confusing Touch                Hexes                        1
   b - Confuse                        Hexes                        3
   c - Gell's Gravitas                Translocation                3
   d - Petrify                        Transmutation/Earth          4
   e - Metabolic Englaciation         Hexes/Ice                    5
   f - Yara's Violent Unravelling     Hexes/Transmutation          5
Comestibles
 r - a royal jelly
 w - 2 meat rations
 R - 4 fruits


   Skills:
 + Level 3.6 Fighting
 + Level 3.0 Short Blades
   Level 0.9(1.5) Axes
 + Level 0.8(1.1) Maces & Flails
 + Level 2.2(2.4) Polearms
 + Level 1.0 Throwing
 + Level 2.2 Armour
 + Level 3.8 Dodging
 + Level 2.7 Stealth
 + Level 7.5 Spellcasting
 + Level 3.7 Conjurations
 + Level 1.4 Hexes
   Level 1.5 Summonings
 + Level 2.0 Translocations
 + Level 3.1 Air Magic
 + Level 2.1 Poison Magic
 + Level 0.4 Evocations


You had 11 spell levels left.
You knew the following spells:

 Your Spells              Type           Power        Failure   Level  Hunger
a - Magic Dart            Conj           ####         1%          1    None
c - Blink                 Tloc           N/A          6%          2    None
d - Mephitic Cloud        Conj/Pois/Air  ###.....     8%          3    None
e - Gell's Gravitas       Tloc           ###.......   12%         3    None
f - Confuse               Hex            ###.....     16%         3    None


Dungeon Overview and Level Annotations

Branches:
Dungeon (8/15)             Temple (0/1) D:7
   Lair: D:8-11

Altars:
Cheibriados
Dithmenos
Elyvilon
Kikubaaqudgha
Uskayaw

Shops:
D:6 (   D:7 (*


Innate Abilities, Weirdness & Mutations

You are too large for most types of armour.
You have tough skin. (AC +1)


Message History

The orc hits you with a dagger. The hungry ghost hits you.
You feel slightly more hungry. The orc hits you but does no damage.
The hungry ghost hits you.
You feel slightly more hungry.
Your magical contamination has completely faded away.
The orc hits you but does no damage. The hungry ghost hits you.
You feel slightly more hungry. The orc hits you but does no damage.
The ogre hits you with a giant spiked club!!
The hungry ghost hits you.
You feel slightly more hungry. The orc hits you with a dagger.
The hungry ghost hits you.
The ogre hits you with a giant spiked club!
* * * LOW HITPOINT WARNING * * *
The orc hits you but does no damage. The hungry ghost hits you.
As you are about to starve, you manage to eat something.
You eat one of the 2 royal jellies.
You are feeling hungry.
That royal jelly was delicious!
The orc hits you but does no damage.
The ogre hits you with a giant spiked club!!
You die...

#...../......#..
#.S.........##
#..........##
#....≈.###$..#
#.%..†.# .....
#......##...##..
####.........#.#
.
#<...≈WO....##.#
####..@o..#...
#.†....###.
######## #.


You could see a hungry ghost, an ogre, an adder (confused) and an orc.

Vanquished Creatures
  A hippogriff (D:7)
  2 orc warriors
  3 ice beasts
  A black bear (D:6)
  A phantom (D:4)
  3 centaurs
  4 ogres
  2 bullfrogs
  A scorpion (D:6)
  4 killer bees (D:8)
  A bullfrog zombie (D:6)
  7 orc priests
  2 hounds (D:6)
  A centaur skeleton (D:4)
  4 orc wizards (D:6)
  8 worker ants
  8 adders
  2 shadow imps (D:6)
  2 oozes (D:1)
  An adder zombie (D:8)
  A worm (D:3)
  2 dart slugs
  18 orcs
  8 bats
  A bat skeleton (D:2)
  A bat zombie (D:2)
  2 giant cockroaches
  9 goblins
  5 hobgoblins
  10 jackals
  4 quokkas
  4 frilled lizards
  A giant cockroach zombie (D:2)
  A jackal zombie (D:2)
  4 kobolds (D:1)
  A leopard gecko skeleton (D:2)
  A quokka skeleton (D:4)
  4 rats (D:2)
135 creatures vanquished.

Vanquished Creatures (collateral kills)
  The ghost of flt the Chiller, an amateur MfIE (D:3)
  2 killer bees (D:8)
  An ooze (D:2)
  An adder skeleton (D:2)
  An orc (D:6)
  2 bats
  A hobgoblin (D:1)
  A kobold (D:2)
10 creatures vanquished.

Grand Total: 145 creatures vanquished

Notes
Turn   | Place    | Note
-------+----------+-------------------------------------------
     0 | D:1      | warcin the Ogre Wizard began the quest for the Orb.
     0 | D:1      | Reached XP level 1. HP: 16/16 MP: 5/5
    33 | D:1      | Reached skill level 4 in Spellcasting
    33 | D:1      | Reached XP level 2. HP: 23/24 MP: 1/7
    68 | D:1      | Learned a level 2 spell: Call Imp
    71 | D:1      | Learned a level 2 spell: Blink
   364 | D:1      | Reached XP level 3. HP: 30/31 MP: 4/8
   378 | D:1      | You fall through a shaft!
   477 | D:2      | Reached skill level 1 in Conjurations
   521 | D:2      | Learned a level 3 spell: Mephitic Cloud
   745 | D:2      | Reached skill level 1 in Summonings
   745 | D:2      | Reached XP level 4. HP: 31/39 MP: 0/10
   802 | D:2      | Learned a level 3 spell: Gell's Gravitas
   872 | D:2      | Found a faded altar of an unknown god.
  1351 | D:3      | Noticed flt's ghost (amateur MfIE)
  1392 | D:3      | Killed flt's ghost
  1392 | D:3      | Reached XP level 5. HP: 33/46 MP: 3/12
  1729 | D:3      | Reached skill level 1 in Fighting
  1881 | D:3      | Found an ancient bone altar of Kikubaaqudgha.
  1881 | D:3      | Found a hide-covered altar of Uskayaw.
  1882 | D:3      | Found a shadowy altar of Dithmenos.
  1905 | D:3      | Became a worshipper of Uskayaw the Reveler
  2005 | D:3      | Reached * piety under Uskayaw
  2127 | D:3      | Reached skill level 1 in Translocations
  2131 | D:3      | Reached ** piety under Uskayaw
  2412 | D:4      | Reached XP level 6. HP: 25/55 MP: 13/13
  2414 | D:4      | Noticed a phantom
  2441 | D:4      | Reached skill level 5 in Spellcasting
  2441 | D:4      | Reached skill level 1 in Air Magic
  2449 | D:4      | Got a crystal rapier
  2461 | D:4      | Reached *** piety under Uskayaw
  2462 | D:4      | Killed a phantom
  2462 | D:4      | Reached skill level 1 in Poison Magic
  2475 | D:4      | Identified the +1 rapier "Fuofa" {holy, rC+} (You found it on level 4 of the Dungeon)
  2480 | D:4      | Learned a level 3 spell: Confuse
  2654 | D:4      | Reached skill level 1 in Armour
  2669 | D:4      | Reached XP level 7. HP: 34/62 MP: 1/15
  2788 | D:4      | Found a white marble altar of Elyvilon.
  2925 | D:4      | Reached skill level 1 in Short Blades
  3161 | D:5      | Entered Level 5 of the Dungeon
  3216 | D:5      | Reached skill level 6 in Spellcasting
  3846 | D:6      | Reached XP level 8. HP: 59/72 MP: 9/17
  4060 | D:6      | Reached skill level 1 in Hexes
  4340 | D:6      | Found Quoni's Antique Weapon Shop.
  4820 | D:7      | Found a staircase to the Ecumenical Temple.
  4878 | D:7      | Reached XP level 9. HP: 43/80 MP: 11/19
  4905 | D:7      | Found a snail-covered altar of Cheibriados.
  4919 | D:7      | Reached skill level 7 in Spellcasting
  5032 | D:7      | Found Somaqasm's General Store.
  5043 | D:7      | Found a flagged portal.
  5111 | D:7      | Reached skill level 1 in Polearms
  5111 | D:7      | Reached skill level 1 in Throwing
  5127 | D:7      | Bought a scroll of enchant armour for 75 gold pieces
  5127 | D:7      | Bought a scroll of identify for 20 gold pieces
  5127 | D:7      | Bought a potion of mutation for 80 gold pieces
  5177 | D:7      | Found Bivi's Antique Weapon Shop.
  5647 | D:8      | Paralysed by fainting for 11 turns
  5712 | D:8      | Paralysed by fainting for 7 turns
  5718 | D:8      | Mangled by an ogre

Skill      XL: |  1  2  3  4  5  6  7  8  9 |
---------------+----------------------------+-----
Spellcasting   | 4 5 6 7 |  7.5
Dodging        | 2 3 |  3.8
Conjurations   | 1 2 3 |  3.7
Summonings     | 1 |  1.5
Fighting       | 1 2 3 |  3.6
Translocations | 1 2 |  2.0
Air Magic      | 1 2 3 |  3.1
Poison Magic   | 1 2 |  2.1
Armour         | 1 2 |  2.2
Short Blades   | 1 3 |  3.0
Stealth        | 2 |  2.7
Hexes          | 1 |  1.4
Polearms       | 2 |  2.2
Throwing       | 1 |  1.0
Axes           | |  0.9
Maces & Flails | |  0.8
Evocations     | |  0.4

Action                   |  1- 3 |  4- 6 |  7- 9 || total
-------------------------+-------+-------+-------++-------
Melee: Hand axe          |    44 |       |       ||    44
       Flail             |     3 |    64 |       ||    67
       Rapier            |       |    61 |   131 ||   192
       Trident           |       |       |   105 ||   105
Throw: Tomahawk          |       |       |    12 ||    12
 Cast: Magic Dart        |    29 |    70 |    75 ||   174
       Call Imp          |     8 |     7 |       ||    15
       Mephitic Cloud    |     2 |    22 |    70 ||    94
       Gell's Gravitas   |       |     3 |     2 ||     5
       Confuse           |       |     5 |     9 ||    14
       Blink             |       |     1 |    14 ||    15
Invok: Stomp             |       |     1 |       ||     1
       Line Pass         |       |       |     1 ||     1
Evoke: Wand              |       |       |     6 ||     6
  Use: Scroll            |       |     6 |    11 ||    17
       Potion            |       |     4 |     3 ||     7
 Stab: Confused          |       |     1 |     9 ||    10
       Paralysed         |       |     1 |       ||     1
  Eat: Chunk             |       |     2 |     4 ||     6
       Bread ration      |       |     2 |     1 ||     3
       Royal jelly       |       |       |     2 ||     2
       Meat ration       |       |       |     2 ||     2
Armor: Robe              |    21 |    37 |       ||    58
       Troll leather arm |       |    26 |   116 ||   142
Dodge: Dodged            |    31 |   104 |   132 ||   267
